 Dungeon Crawl Stone Soup version 0.24.0-3-g28a8eb0610 (webtiles) character file.

Game seed: 17046795681828868579, levelgen mode: deterministic

56 Descartes the Ducker (level 3, -3/18 HPs)
             Began as a Spriggan Warper on Nov 1, 2019.
             Was an Initiate of Gozag.
             Slain by an adder (5 damage)
             ... on level 2 of the Dungeon.
             The game lasted 00:05:42 (2147 turns).

Descartes the Ducker (Spriggan Warper)              Turns: 2147, Time: 00:05:43

Health: -3/18      AC:  2    Str:  7    XL:     3   Next: 71%
Magic:  17/18      EV: 20    Int: 15    God:    Gozag
Gold:   84         SH:  0    Dex: 15    Spells: 5/9 levels left

rFire    . . .     SeeInvis +   a - +0 short sword
rCold    . . .     Gourm    .   (shield restricted)
rNeg     . . .     Faith    .   v - +0 robe
rPois    .         Spirit   .   (helmet restricted)
rElec    .         Reflect  .   (no cloak)
rCorr    .         Harm     .   (gloves unavailable)
MR       .....                  (boots unavailable)
Stlth    ++........             (no amulet)
HPRegen  0.06/turn              m - ring of flight
MPRegen  0.16/turn              p - ring of magical power

@: lethally poisoned (-3 -> -5), shrouded (expiring), very quick
A: very small, unfitting armour, see invisible, herbivore, speed 3, slow
metabolism 2
a: Potion Petition, Call Merchant, Bribe Branch, Renounce Religion, Evoke Flight


You were on level 2 of the Dungeon.
You worshipped Gozag.
Gozag was noncommittal.
You were not hungry.

You visited 1 branch of the dungeon, and saw 2 of its levels.

You collected 99 gold pieces.
You paid 15 gold pieces to Gozag.

Inventory:

Hand Weapons
 a - a +0 short sword (weapon)
Missiles
 c - 19 stones
 e - 5 boomerangs of dispersal
 g - 38 arrows
 i - 13 bolts
 q - 8 silver boomerangs (quivered)
 t - 11 poisoned darts
Armour
 v - a +0 robe (worn)
Jewellery
 m - a ring of flight (left hand)
 p - a ring of magical power (right hand)
Scrolls
 d - a scroll of blinking
 h - a scroll of identify {unknown}
 k - a scroll of magic mapping {unknown}
 l - a scroll of fear {unknown}
 n - a scroll of remove curse
 u - a scroll of teleportation {unknown}
Potions
 j - 3 potions of heal wounds {unknown}
 o - 2 potions of haste {unknown}
 r - a potion of curing {unknown}
 s - a potion of flight {unknown}


   Skills:
 - Level 1.5 Fighting
 - Level 2.1 Short Blades
 - Level 1.0 Throwing
 + Level 4.8 Dodging
 + Level 2.0 Stealth
 + Level 3.8 Spellcasting
 + Level 0.2 Charms
 + Level 4.4 Translocations


You had 5 spell levels left.
You knew the following spells:

 Your Spells              Type           Power        Failure   Level  Hunger
a - Blink                 Tloc           N/A          4%          2    ##.....
b - Shroud of Golubria    Chrm/Tloc      #.....       11%         2    ##.....

Your spell library contained the following spells:

 Spells                   Type           Power        Failure   Level  Hunger
 Gell's Gravitas          Tloc           ###.......   9%          3    ###....
 Lesser Beckoning         Tloc           ###.......   9%          3    ###....
 Teleport Other           Tloc           ###.....     9%          3    ###....
 Passage of Golubria      Tloc           N/A          28%         4    ####...


Dungeon Overview and Level Annotations

Branches:
Dungeon (2/15)

Altars:
Gozag


Innate Abilities, Weirdness & Mutations

You are very small and have problems with some larger weapons.
You are too small for most types of armour.
You have supernaturally acute eyesight. (SInv)
You are a herbivore.
You cover ground extremely quickly.
You need to consume almost no food.


Message History

You barely miss the adder.
The adder is lightly wounded.
The adder closely misses you.
You hit the adder.
The adder is heavily wounded.
The adder barely misses you. The adder bites you.
* * * LOW HITPOINT WARNING * * *
You barely miss the adder.
The adder is heavily wounded.
* * * LOW HITPOINT WARNING * * *
You feel sick. The adder barely misses you.
You closely miss the adder.
The adder is heavily wounded.
Your shroud begins to fray at the edges.
The adder closely misses you.
You barely miss the adder.
The adder is heavily wounded.
The adder bites you.
You die...
Your body crumbles into a pile of gold.

..........♣♣♣♣♣_.♣♣.##
##.......♣.♣..♣.♣.♣.##
..÷.#...♣♣♣♣♣♣.♣♣♣♣ .#
..##÷....♣♣♣♣♣...♣♣♣.#
..##....)♣♣..♣♣♣.♣♣..#
####.....♣♣.♣...♣♣♣$#
.####.##.♣♣.♣♣♣♣♣♣.##
.........).♣.♣..♣S♣.#
####..##.......♣@♣.##
...#.###....#......#
##..............####
#...###....##### #.###
#....####### #.#
#..#.#.#.#.## #.#
#...........# ##.###
#..#.##'##.## .....#
###..#...#..#


You could see an adder.

Vanquished Creatures
  An adder (D:1)
  2 oozes (D:1)
  A leopard gecko (D:1)
  4 giant cockroaches (D:2)
  5 goblins
  3 hobgoblins
  4 jackals
  3 ball pythons
  5 bats (D:1)
  A frilled lizard (D:2)
  4 kobolds
  2 rats
35 creatures vanquished.

Notes
Turn   | Place    | Note
-------+----------+-------------------------------------------
     0 | D:1      | Descartes the Spriggan Warper began the quest for the Orb.
     0 | D:1      | Reached XP level 1. HP: 10/10 MP: 5/5
   355 | D:1      | Reached XP level 2. HP: 9/14 MP: 7/7
  1186 | D:1      | Reached skill level 1 in Stealth
  1310 | D:1      | Reached XP level 3. HP: 18/18 MP: 9/9
  1662 | D:2      | Learned a level 2 spell: Blink
  1665 | D:2      | Learned a level 2 spell: Shroud of Golubria
  1684 | D:2      | Found an opulent altar of Gozag.
  1697 | D:2      | Became a worshipper of Gozag Ym Sagoz the Greedy
  2098 | D:2      | Found a faded altar of an unknown god.
  2147 | D:2      | Slain by an adder

Levels and vault maps discovered:
D:1:      wander_arrival_peaceful_grave, layout_rooms
D:2:      wander_river, layout_rooms,
          nicolae_gozag_cash_rules_everything_around_me,
          chequers_ecumenical_altar_grove, first_ration, minmay_misc_feat_doors

Skill      XL: |  1  2  3 |
---------------+----------+-----
Spellcasting   | 3 |  3.8
Dodging        | 4 |  4.8
Stealth        | 1 2 |  2.0
Fighting       | |  1.5
Short Blades   | |  2.1
Throwing       | |  1.0
Charms         | |  0.2
Translocations | |  4.4

Action                   || total
-------------------------++-------
Melee: Short sword       ||   209
 Cast: Shroud of Golubri ||     3
  Use: Scroll            ||     1
 Stab: Sleeping          ||     2
Armor: Robe              ||    25
Dodge: Dodged            ||   246
